 Dungeon Crawl Stone Soup version 0.23-a0-354-g4c2fb12 (webtiles) character file.

7 Cryolive the Digger (level 2, 0/15 HPs)
             Began as a Gargoyle Earth Elementalist on Oct 21, 2018.
             Slain by a jackal (2 damage)
             ... on level 1 of the Dungeon.
             The game lasted 00:01:56 (136 turns).

Cryolive the Digger (Gargoyle Earth Elementalist)    Turns: 136, Time: 00:01:57

Health: 0/15       AC:  4    Str: 11    XL:     2   Next: 4%
Magic:  0/5        EV:  9    Int: 15    God:
Gold:   12         SH:  6    Dex: 10    Spells: 4/5 levels left

rFire    . . .     SeeInvis .   a - +0 hand axe
rCold    . . .     Gourm    .   f - +0 shield
rNeg     + . .     Faith    .   c - +0 robe
rPois    ∞         Spirit   .   (no helmet)
rElec    +         Reflect  .   (no cloak)
rCorr    .         Harm     .   (no gloves)
MR       .....                  (no boots)
Stlth    ++........             (no amulet)
HPRegen  0.05/turn              (no ring)
MPRegen  0.09/turn              (no ring)

@: very slightly contaminated
A: negative energy resistance 1, electricity resistance, unbreathing,
petrification resistance, rot immunity, AC +2
a: no special abilities


You were on level 1 of the Dungeon.
You were not hungry.

You visited 1 branch of the dungeon, and saw 1 of its levels.

You collected 12 gold pieces.

Inventory:

Hand Weapons
 a - a +0 hand axe (weapon)
Missiles
 b - 30 stones (quivered)
 e - 7 tomahawks
Armour
 c - a +0 robe (worn)
 f - a +0 shield (worn)
Comestibles
 d - a ration


   Skills:
 - Level 1.5 Dodging
 - Level 2.1 Stealth
 + Level 2.3 Spellcasting
   Level 0.7 Transmutations
 + Level 4.0 Earth Magic


You had 4 spell levels left.
You knew the following spells:

 Your Spells              Type           Power        Failure   Level  Hunger
a - Sandblast             Erth           ##....       28%         1    #......

Your spell library contained the following spells:

 Spells                   Type           Power        Failure   Level  Hunger
 Passwall                 Tmut/Erth      #.......     65%         2    ###....
 Stone Arrow              Conj/Erth      #.....       90%         3    ###....
 Petrify                  Tmut/Erth      #.......     99%         4    #####..
 Lee's Rapid Deconstruct  Erth           ##........   100%        5    ######.


Dungeon Overview and Level Annotations

Branches:
Dungeon (1/15)

Altars:


Innate Abilities, Weirdness & Mutations

You are resistant to torment.
Your stone body is resilient. (AC +2)
You are immune to poison.
You resist negative energy. (rN+)
You are resistant to electric shocks. (rElec)
You can survive without breathing.
You are immune to petrification.
You are immune to rotting.


Message History

You miscast Sandblast.
You are very lightly contaminated with residual magic.
Your feet feel warm.
The jackal barely misses you.
Casting: Sandblast (safe; 28% risk of failure)
Confirm with . or Enter, or press ? or * to list all spells.
Aiming: Sandblast (safe; 28% risk of failure)
Press: ? - help, Shift-Dir - straight line, f/p - jackal
Aim: a jackal You miscast Sandblast.
Sand pours from your hands. The jackal barely misses you.
Casting: Sandblast (safe; 28% risk of failure)
Confirm with . or Enter, or press ? or * to list all spells.
Aiming: Sandblast (safe; 28% risk of failure)
Press: ? - help, Shift-Dir - straight line, f/p - jackal
Aim: a jackal The blast of sand hits the jackal.
The jackal is heavily wounded.
b - 30 stones The jackal bites you.
You die...

.....♣♣......♣♣...♣ ...
....♣....♣...♣♣.♣♣.♣
....⌠...♣.♣.♣...♣.....♣.♣..♣
#.h.....♣.......♣♣..♣..♣♣.♣♣
##...
....♣...♣...♣..♣..♣.♣...♣
###.K.
#...♣...♣♣..♣.♣.♣..♣♣♣.♣
.....#
#....♣...)†.♣..♣.♣.♣♣♣.
.⌠...#
#....h♣♣......♣♣.♣♣..♣♣
.[...##
##...Kh@..)♣♣..♣.♣♣.♣...
#...####...l♣♣..♣..♣...♣
♣♣♣♣♣♣
##...........♣...♣...♣..♣ ♣
##...........).♣.♣....♣♣.♣
###..).⌠...♣♣....♣♣...♣♣...♣
..........♣...♣....♣... ♣.
..........†...♣♣......♣..
##########♣♣♣♣♣♣♣♣♣♣♣♣♣♣♣


You could see a leopard gecko, 2 jackals and a kobold.

Vanquished Creatures
  A jackal (D:1)
  2 bats (D:1)
  2 goblins (D:1)
  2 kobolds (D:1)
  A rat (D:1)
8 creatures vanquished.

Notes
Turn   | Place    | Note
-------+----------+-------------------------------------------
     0 | D:1      | Cryolive the Gargoyle Earth Elementalist began the quest
                  | for the Orb.
     0 | D:1      | Reached XP level 1. HP: 10/10 MP: 3/3
   133 | D:1      | Reached skill level 4 in Earth Magic
   133 | D:1      | Reached XP level 2. HP: 1/15 MP: 3/5
   136 | D:1      | Slain by a jackal

Vault maps used:
D:1:      erik_arrival_cave_to_civilisation

Skill      XL: |  1 |
---------------+----+-----
Earth Magic    | 4 |  4.0
Dodging        | |  1.5
Stealth        | |  2.1
Spellcasting   | |  2.3
Transmutations | |  0.7

Action                   || total
-------------------------++-------
Melee: Hand axe          ||    24
 Cast: Sandblast         ||     2
Armor: Robe              ||    16
Dodge: Dodged            ||    29
Block: Shield            ||     4

Table legend:
 A = Non-vault XP
 B = Vault XP
 C = Vault XP percentage of total XP
 D = Non-vault monster count
 E = Vault monster count
 F = Vault count percentage of total count
                 A         B        C        D         E       F
            +---------+---------+-------+---------+---------+-------
      Total |      11 |       0 |   0.0 |       8 |       0 |   0.0
            +---------+---------+-------+---------+---------+-------
        D:1 |      11 |       0 |   0.0 |       8 |       0 |   0.0
            +---------+---------+-------+---------+---------+-------
